ORI
ARIZONA STATE UNIVERSITY SUN DEVILS @ UNIVERSITY OF VIRGINIA CAVALIERS
12/25/2046
 
TOP OF THE 1ST
Arizona State University Sun Devils batting - Pitching for University of Virginia Cavaliers : RHP Jonathan Bolton
Pitching: RHP Jonathan Bolton
Batting: RHB Rusty Gee 0-0: Called Strike
0-1: Foul Ball, location: 2F
0-2: Ball
1-2: Strikes out looking
Batting: RHB John Burgis 0-0: Called Strike
0-1: Swinging Strike
0-2: Fly out, F8 (Flyball, 89D, EV 95.0 MPH)
Batting: RHB Martin Boyle 0-0: Ball
1-0: Called Strike
1-1: Ball
2-1: Swinging Strike
2-2: Ball
3-2: Ground out 6-3 (Groundball, 6, EV 100.0 MPH)
Top of the 1st over - 0 runs, 0 hits, 0 errors, 0 left on base; Arizona State University 0 - University of Virginia 0
BOTTOM OF THE 1ST
University of Virginia Cavaliers batting - Pitching for Arizona State University Sun Devils : RHP Sho Fukumoto
Pitching: RHP Sho Fukumoto
Batting: RHB Alex Ruschin 0-0: Ball
1-0: Ball
2-0: SINGLE (Line Drive, 78S, EV 105.0 MPH)
Batting: RHB Luke Bertrand 0-0: Called Strike
0-1: Ball
1-1: Foul Ball, location: 2F
1-2: Ball
2-2: Ball
3-2: Base on Balls
Alex Ruschin to second
Batting: RHB Jose Velez 0-0: Ball
1-0: Ball
2-0: Called Strike
2-1: Fielders Choice at 2nd, 5-4 (Groundball, 5, EV 87.5 MPH)
Alex Ruschin to third
Batting: LHB Josh Glass 0-0: Called Strike
Jose Velez steals 2nd, throwing error, E2
Alex Ruschin scores
Jose Velez to third
0-1: Called Strike
0-2: Strikes out swinging
Batting: RHB Rob Price 0-0: Fly out, F8 (Line Drive, 8LD, EV 100.0 MPH)
Bottom of the 1st over - 1 run, 1 hit, 1 error, 1 left on base; Arizona State University 0 - University of Virginia 1
TOP OF THE 2ND
Arizona State University Sun Devils batting - Pitching for University of Virginia Cavaliers : RHP Jonathan Bolton
Batting: LHB Randy Marquez 0-0: Fly out, F4 (Popup, 4MS, EV 71.2 MPH)
Batting: LHB Dustin Gill 0-0: Ball
1-0: Swinging Strike
1-1: Ball
2-1: Swinging Strike
2-2: Ball
3-2: Strikes out looking
Batting: RHB Jun-hyuk Leem 0-0: Foul Ball, location: 2F
0-1: Ball
1-1: Swinging Strike
1-2: Strikes out swinging, 2-3 out at first.
Top of the 2nd over - 0 runs, 0 hits, 0 errors, 0 left on base; Arizona State University 0 - University of Virginia 1
BOTTOM OF THE 2ND
University of Virginia Cavaliers batting - Pitching for Arizona State University Sun Devils : RHP Sho Fukumoto
Batting: LHB Ray Nichter 0-0: Called Strike
0-1: Foul Ball, location: 2F
0-2: Fly out, F8 (Line Drive, 8LD, EV 104.4 MPH)
Batting: RHB Allen McCaskill 0-0: Foul Ball, location: 2F
0-1: Swinging Strike
0-2: Ball
1-2: Strikes out swinging
Batting: SHB Ethan Lewis 0-0: Called Strike
0-1: Ground out U3 (Groundball, 3S, EV 86.2 MPH)
Bottom of the 2nd over - 0 runs, 0 hits, 0 errors, 0 left on base; Arizona State University 0 - University of Virginia 1
TOP OF THE 3RD
Arizona State University Sun Devils batting - Pitching for University of Virginia Cavaliers : RHP Jonathan Bolton
Batting: RHB Carl Evans 0-0: Foul Ball, location: 2F
0-1: Ball
1-1: Ball
2-1: Swinging Strike
2-2: Foul Ball, location: 2F
2-2: Ball
3-2: Reached on error, E4 (Groundball, 4, EV 91.9 MPH)
Batting: RHB David Krebs 0-0: SINGLE (Groundball, 56S, EV 67.5 MPH) (infield hit)
Carl Evans to second
Batting: LHB Burraga Iukini 0-0: Foul Ball, location: 2F
0-1: Foul Ball, location: 2F
0-2: Ball
1-2: Ball
2-2: DOUBLE (Line Drive, 89D, EV 114.4 MPH)
Carl Evans scores
David Krebs to third
Runner from 3rd tries for Home, SAFE, throw by RF to trailing runner, OUT at third! 9-3-5
Batting: RHB Rusty Gee 0-0: Foul Ball, location: 2F
0-1: Ball
1-1: Ball
2-1: Called Strike
2-2: Ball
3-2: Strikes out swinging
Batting: RHB John Burgis 0-0: Ball
1-0: Ball
2-0: Ball
3-0: Called Strike
3-1: Foul Ball, location: 2F
3-2: Base on Balls
Batting: RHB Martin Boyle 0-0: Ball
1-0: Fielders Choice at 2nd, 6-4 (Groundball, 6, EV 85.0 MPH)
Top of the 3rd over - 2 runs, 2 hits, 1 error, 1 left on base; Arizona State University 2 - University of Virginia 1
BOTTOM OF THE 3RD
University of Virginia Cavaliers batting - Pitching for Arizona State University Sun Devils : RHP Sho Fukumoto
Batting: LHB Eddie Vidalez 0-0: Foul Ball, location: 2F
0-1: Foul Ball, location: 2F
0-2: Ball
1-2: Reached on error, E4 (Groundball, 4, EV 105.6 MPH)
Batting: RHB Alex Ruschin 0-0: SINGLE (Groundball, 4M, EV 106.2 MPH) (infield hit)
Eddie Vidalez to second
Batting: RHB Luke Bertrand 0-0: Ball
1-0: Fly out, F8 (Flyball, 8LD, EV 97.5 MPH)
Batting: RHB Jose Velez 0-0: Ball
1-0: Ball
2-0: Called Strike
2-1: Swinging Strike
2-2: Fly out, F7 (Flyball, 78S, EV 75.6 MPH)
Batting: LHB Josh Glass 0-0: Ball
1-0: Foul Ball, location: 2F
1-1: Ball
2-1: Foul Ball, location: 2F
2-2: Foul Ball, location: 2F
2-2: Foul Ball, location: 2F
2-2: Ball
3-2: Ground out 4-3 (Groundball, 4S, EV 86.2 MPH)
Bottom of the 3rd over - 0 runs, 1 hit, 1 error, 2 left on base; Arizona State University 2 - University of Virginia 1
TOP OF THE 4TH
Arizona State University Sun Devils batting - Pitching for University of Virginia Cavaliers : RHP Jonathan Bolton
Batting: LHB Randy Marquez 0-0: Swinging Strike
0-1: Ball
1-1: Ball
2-1: Called Strike
2-2: Foul Ball, location: 2F
2-2: Ball
3-2: SINGLE (Line Drive, 8LS, EV 97.5 MPH)
Batting: LHB Dustin Gill 0-0: Ground out 6-3 (Groundball, 6MS, EV 84.4 MPH)
Randy Marquez to second
Batting: RHB Jun-hyuk Leem 0-0: Ball
1-0: Ball
2-0: Foul Ball, location: 2F
2-1: Ball
3-1: Fly out, F8 (Flyball, 8LD, EV 109.4 MPH)
Batting: RHB Carl Evans 0-0: Ground out 6-3 (Groundball, 6, EV 81.9 MPH)
Top of the 4th over - 0 runs, 1 hit, 0 errors, 1 left on base; Arizona State University 2 - University of Virginia 1
BOTTOM OF THE 4TH
University of Virginia Cavaliers batting - Pitching for Arizona State University Sun Devils : RHP Sho Fukumoto
Batting: RHB Rob Price 0-0: Ball
1-0: Ball
2-0: Called Strike
2-1: Foul Ball, location: 2F
2-2: Ball
3-2: SINGLE (Groundball, 6MD, EV 99.4 MPH)
Batting: LHB Ray Nichter 0-0: Ball
1-0: Ball
2-0: Called Strike
2-1: Fielders Choice at 2nd, 1-6 (Groundball, 34S, EV 68.1 MPH)
Batting: RHB Allen McCaskill 0-0: Called Strike
0-1: Ball
1-1: Fielders Choice at 2nd, 4-6 (Groundball, 4, EV 91.9 MPH)
Batting: SHB Ethan Lewis 0-0: Ball
1-0: Ball
2-0: Called Strike
2-1: Called Strike
2-2: Strikes out swinging
Bottom of the 4th over - 0 runs, 1 hit, 0 errors, 1 left on base; Arizona State University 2 - University of Virginia 1
TOP OF THE 5TH
Arizona State University Sun Devils batting - Pitching for University of Virginia Cavaliers : RHP Jonathan Bolton
Batting: RHB David Krebs 0-0: SINGLE (Groundball, 34D, EV 103.1 MPH)
Batting: LHB Burraga Iukini 0-0: Foul Ball, location: 2F
0-1: Ball
1-1: Foul Ball, location: 2F
1-2: Strikes out looking
Batting: RHB Rusty Gee 0-0: Called Strike
0-1: Called Strike
0-2: Foul Ball, location: 2F
0-2: Foul Ball, location: 2F
0-2: Foul Ball, location: 2F
0-2: Ball
1-2: Ball
2-2: Foul Ball, location: 2F
2-2: Ball
3-2: Ground out 6-3 (Groundball, 6M, EV 91.2 MPH)
David Krebs to second
Pitching: RHP Jason Odle
Batting: RHB John Burgis 0-0: Ball
1-0: Ball
Balk!
David Krebs to third
2-0: Ball
3-0: Called Strike
3-1: Swinging Strike
3-2: Base on Balls
Batting: RHB Martin Boyle 0-0: Swinging Strike
0-1: Swinging Strike
0-2: Ball
1-2: Strikes out swinging
Top of the 5th over - 0 runs, 1 hit, 0 errors, 2 left on base; Arizona State University 2 - University of Virginia 1
BOTTOM OF THE 5TH
University of Virginia Cavaliers batting - Pitching for Arizona State University Sun Devils : RHP Sho Fukumoto
Batting: LHB Eddie Vidalez 0-0: Called Strike
0-1: Ball
1-1: Ball
2-1: Foul Ball, location: 2F
2-2: Strikes out looking
Batting: RHB Alex Ruschin 0-0: SINGLE (Groundball, 56S, EV 68.1 MPH) (infield hit)
Batting: RHB Luke Bertrand 0-0: Ball
Pickoff Throw to First - Out! 1-3
1-0: Ground out 5-3 (Groundball, 56S, EV 85.0 MPH)
Bottom of the 5th over - 0 runs, 1 hit, 0 errors, 0 left on base; Arizona State University 2 - University of Virginia 1
TOP OF THE 6TH
Arizona State University Sun Devils batting - Pitching for University of Virginia Cavaliers : RHP Jason Odle
Batting: LHB Randy Marquez 0-0: Ground out 4-3 (Groundball, 34, EV 86.2 MPH)
Batting: LHB Dustin Gill 0-0: Fly out, F9 (Flyball, 9LM, EV 98.1 MPH)
Batting: RHB Jun-hyuk Leem 0-0: Called Strike
0-1: Ball
1-1: Ball
2-1: Foul Ball, location: 2F
2-2: Ball
3-2: Strikes out swinging
Top of the 6th over - 0 runs, 0 hits, 0 errors, 0 left on base; Arizona State University 2 - University of Virginia 1
BOTTOM OF THE 6TH
University of Virginia Cavaliers batting - Pitching for Arizona State University Sun Devils : RHP Sho Fukumoto
Batting: RHB Jose Velez 0-0: Ball
1-0: Ball
2-0: SINGLE (Groundball, 6M, EV 103.8 MPH) (infield hit)
Pitching: LHP Jorge Ruiz
Batting: LHB Josh Glass 0-0: Foul Ball, location: 2F
0-1: Fly out, F8 (Flyball, 8LD, EV 101.2 MPH)
Batting: RHB Rob Coble 0-0: Called Strike
Jose Velez is caught stealing 2nd base 2-4
0-1: Ground out 6-3 (Groundball, 6S, EV 83.1 MPH)
Bottom of the 6th over - 0 runs, 1 hit, 0 errors, 0 left on base; Arizona State University 2 - University of Virginia 1
TOP OF THE 7TH
Arizona State University Sun Devils batting - Pitching for University of Virginia Cavaliers : RHP Jason Odle
Batting: RHB Carl Evans 0-0: Called Strike
0-1: Ground out 5-3 (Groundball, 5, EV 80.0 MPH)
Batting: RHB David Krebs 0-0: Fly out, F8 (Flyball, 78D, EV 94.4 MPH)
Batting: LHB Burraga Iukini 0-0: Foul Ball, location: 2F
0-1: Ball
1-1: Foul Ball, location: 2F
1-2: Strikes out swinging, 2-3 out at first.
Top of the 7th over - 0 runs, 0 hits, 0 errors, 0 left on base; Arizona State University 2 - University of Virginia 1
BOTTOM OF THE 7TH
University of Virginia Cavaliers batting - Pitching for Arizona State University Sun Devils : LHP Jorge Ruiz
Batting: LHB Ray Nichter 0-0: Foul Ball, location: 2F
0-1: Fly out, F8 (Line Drive, 8LD, EV 91.2 MPH)
Batting: RHB Allen McCaskill 0-0: Called Strike
0-1: Ball
1-1: Called Strike
1-2: Strikes out swinging, 2-3 out at first.
Batting: SHB Ethan Lewis 0-0: Ball
1-0: Reached on error, E6 (Groundball, 6, EV 103.8 MPH)
Pinch Hitting: RHB Leo Baxter 0-0: Called Strike
0-1: Ball
1-1: SINGLE (Groundball, 6M, EV 95.0 MPH)
Ethan Lewis to second
Runner from 2nd tries for 3rd, SAFE, throw by CF made to third
Batting: RHB Alex Ruschin Pickoff Throw to First - Error! E1
Ethan Lewis scores
Leo Baxter to second
0-0: Ball
1-0: Called Strike
1-1: Called Strike
1-2: Foul Ball, location: 2F
1-2: Ground out 5-3 (Groundball, 56, EV 84.4 MPH)
Bottom of the 7th over - 1 run, 1 hit, 2 errors, 1 left on base; Arizona State University 2 - University of Virginia 2
TOP OF THE 8TH
Arizona State University Sun Devils batting - Pitching for University of Virginia Cavaliers : RHP Jason Odle
Now at 1B: Leo Baxter
Batting: RHB Rusty Gee 0-0: Ball
1-0: Ball
2-0: Called Strike
2-1: Ball
3-1: Swinging Strike
3-2: Strikes out swinging
Pinch Hitting: RHB Kawenaula Kapali 0-0: Ball
1-0: Ground out 6-3 (Groundball, 6, EV 86.9 MPH)
Batting: RHB Martin Boyle 0-0: Ball
1-0: Ball
2-0: Ball
3-0: Called Strike
3-1: Called Strike
3-2: Reached on error, E6 (Groundball, 6, EV 109.4 MPH)
Batting: LHB Randy Marquez 0-0: Ball
1-0: Ball
2-0: Ball
3-0: Called Strike
3-1: Base on Balls
Batting: LHB Dustin Gill 0-0: Ground out 5-3 (Groundball, 56S, EV 92.5 MPH)
Top of the 8th over - 0 runs, 0 hits, 1 error, 2 left on base; Arizona State University 2 - University of Virginia 2
BOTTOM OF THE 8TH
University of Virginia Cavaliers batting - Pitching for Arizona State University Sun Devils : LHP Jorge Ruiz
Pitching: RHP Andrew Frugoli
Now at C: Stephen Wheeler
Batting: RHB Luke Bertrand 0-0: Ball
1-0: Ball
2-0: Ground out 3-1 (Groundball, 34, EV 104.4 MPH)
Batting: RHB Jose Velez 0-0: Fly out, F3 (Popup, 3L, EV 76.9 MPH)
Pitching: LHP Joe Morgan
Batting: LHB Josh Glass 0-0: Foul Ball, location: 2F
0-1: Called Strike
0-2: Strikes out looking
Bottom of the 8th over - 0 runs, 0 hits, 0 errors, 0 left on base; Arizona State University 2 - University of Virginia 2
TOP OF THE 9TH
Arizona State University Sun Devils batting - Pitching for University of Virginia Cavaliers : RHP Jason Odle
Pitching: RHP Gregory Reader
Batting: RHB Jun-hyuk Leem 0-0: Ball
1-0: Called Strike
1-1: Ball
2-1: Foul Ball, location: 2F
2-2: Ball
3-2: Reached on error, E5 (Groundball, 56S, EV 81.9 MPH)
Batting: RHB Carl Evans 0-0: Called Strike
0-1: Ball
1-1: Foul Ball, location: 2F
1-2: Ball
2-2: Strikes out swinging
Batting: RHB David Krebs 0-0: Called Strike
0-1: Grounds into double play, 6-4-3 (Groundball, 6, EV 109.4 MPH)
Top of the 9th over - 0 runs, 0 hits, 1 error, 0 left on base; Arizona State University 2 - University of Virginia 2
BOTTOM OF THE 9TH
University of Virginia Cavaliers batting - Pitching for Arizona State University Sun Devils : LHP Joe Morgan
Batting: RHB Rob Coble 0-0: Foul Ball, location: 2F
0-1: Swinging Strike
0-2: Ball
1-2: Ball
2-2: Ball
3-2: Fly out, F9 (Line Drive, 9, EV 89.4 MPH)
Batting: LHB Ray Nichter 0-0: Called Strike
0-1: Ball
1-1: Ball
2-1: Ball
3-1: Foul Ball, location: 2F
3-2: Ground out 4-3 (Groundball, 4, EV 83.8 MPH)
Pitching: RHP Joe Ledrew
Batting: RHB Allen McCaskill 0-0: Ball
1-0: Foul Ball, location: 2F
1-1: Ball
2-1: Foul Ball, location: 2F
2-2: Ball
3-2: Fly out, F7 (Flyball, 7D, EV 81.9 MPH)
Bottom of the 9th over - 0 runs, 0 hits, 0 errors, 0 left on base; Arizona State University 2 - University of Virginia 2
TOP OF THE 10TH
Arizona State University Sun Devils batting - Pitching for University of Virginia Cavaliers : RHP Gregory Reader
Batting: LHB Burraga Iukini 0-0: Ball
1-0: Ball
2-0: Foul Ball, location: 2F
2-1: Ball
3-1: Swinging Strike
3-2: Foul Ball, location: 2F
3-2: Strikes out looking
Batting: RHB Rusty Gee 0-0: Ball
1-0: Ball
2-0: Foul Ball, location: 2F
2-1: Foul Ball, location: 2F
2-2: Strikes out swinging
Batting: RHB Stephen Wheeler 0-0: Foul Ball, location: 2F
0-1: Ball
1-1: Ground out U3 (Groundball, 34, EV 80.6 MPH)
Top of the 10th over - 0 runs, 0 hits, 0 errors, 0 left on base; Arizona State University 2 - University of Virginia 2
BOTTOM OF THE 10TH
University of Virginia Cavaliers batting - Pitching for Arizona State University Sun Devils : RHP Joe Ledrew
Pitching: LHP Nick Segar
Batting: SHB Ethan Lewis 0-0: Called Strike
0-1: Foul Ball, location: 2F
0-2: Ball
1-2: Ball
2-2: Ground out 5-3 (Groundball, 56, EV 81.2 MPH)
Batting: RHB Leo Baxter 0-0: SOLO HOME RUN (Flyball, 89XD, EV 111.9 MPH), Distance : 415 ft
Bottom of the 10th over - 1 run, 1 hit, 0 errors, 0 left on base; Arizona State University 2 - University of Virginia 3
Tuesday, September 13th , 2022 - OOTP Baseball 23.7 Build 88